cohdb
Replays
Latest Replays
All Replays
Popular Replays
Top Player Replays
Match Explorer
How It Works
Community
CoH3 Stats
Reddit
Sign in to upload your games and track your stats! →
Sign in with Steam
Match 41545234
Unlisted
Match 41545234
Overview
Messages
Build Orders
End
Construct Section Command Post
Selects Air and Sea Battlegroup
Infantry Section
Infantry Section
Infantry Section
Grenade Package
Infantry Section
Selects Supply Surplus
Construct Resource Cache
Construct Field Infirmary
Selects Commando Section Paradrop
Selects Commando Support Section Paradrop
Commando Section Paradrop
Construct Platoon Command Post
Selects UNKNOWN (223837)
6-pounder Anti-tank Gun Team
Commando Support Section Paradrop
Infantry Section
Construct Company Command Post
Selects Anti-tank Rocket Loiter
Crusader II Medium Tank
LillALef[릴아레프]
Trion
0
0
Comments
sign in to comment!
No comments posted yet!